 Dungeon Crawl Stone Soup version 0.20-a0-1043-gbd57889 (webtiles) character file.

99 Krakonus1 the Skirmisher (level 4, -1/47 HPs)
             Began as a Hill Orc Monk on Apr 24, 2017.
             Killed from afar by an orc wizard (8 damage)
             ... with a magic dart
             ... on level 3 of the Dungeon.
             The game lasted 00:13:45 (4099 turns).

Krakonus1 the Skirmisher (Hill Orc Monk)            Turns: 4099, Time: 00:13:46

Health: -1/47      AC:  5    Str: 14    XL:     4   Next: 72%
Magic:  4/4        EV: 13    Int: 10    God:
Gold:   78         SH:  0    Dex: 13    Spells: 3/3 levels left

rFire    x . .     SeeInvis .   (no weapon)
rCold    + . .     Gourm    .   (no shield)
rNeg     . . .     Faith    .   a - +0 robe
rPois    .         Spirit   .   h - +2 helmet
rElec    .         Reflect  .   (no cloak)
rCorr    +         Harm     .   (no gloves)
MR       .....                  (no boots)
Stlth    ++........             (no amulet)
Regen    0.2/turn               j - ring of resist corrosion
MPRegen  0.1/turn               i - ring of ice

@: no status effects
A: no striking features
a: no special abilities


You were on level 3 of the Dungeon.
You were hungry.

You visited 1 branch of the dungeon, and saw 4 of its levels.

You collected 78 gold pieces.

Inventory:

Armour
 a - a +0 robe (worn)
 h - a +2 helmet (worn)
Jewellery
 i - a ring of ice (right hand)
 j - a ring of resist corrosion (left hand)
 p - an uncursed ring of wizardry
Scrolls
 c - a scroll of amnesia
 d - a scroll of identify
 k - a scroll of recharging
 o - a scroll of enchant armour
 q - a scroll of remove curse
Potions
 e - a potion of magic
 f - a potion of brilliance
 g - a potion of lignification
Comestibles
 b - 5 bread rations
 l - a meat ration
 r - 3 fruits


   Skills:
 + Level 7.1 Fighting
 - Level 3.2 Dodging
 - Level 3.2 Stealth


You had 3 spell levels left.
You didn't know any spells.

Dungeon Overview and Level Annotations

Branches:
Dungeon (4/15)
 Temple: D:4-7

Altars:

Annotations:
D:3 1 runed door, Robin


Message History

The puff of flame hits you! The fire burns you terribly!
You open the door. The orc wizard casts a spell at you.
The puff of flame hits you! The fire burns you terribly!
* * * LOW HITPOINT WARNING * * *
There is an open door here.
You close the door.
Okay, then.
Okay, then.
Okay, then.
An orc wizard opens the door.
The orc wizard casts a spell at you. The magic dart hits you!
* * * LOW HITPOINT WARNING * * *
There is an open door here.
You close the door.
An orc wizard opens the door.
The orc wizard casts a spell at you. The magic dart hits you!
You die...

#>.....#
####'###..#
#.....##..#
#.....+....
#.....###.#
###.....#..
#.....#.)
###########.....#..
#.@.....o.'.....###
###########.....# #
###'##### #....o.
##..... #.....
#..... #.....
######


You could see an orc wizard.

Vanquished Creatures
  3 adders
  An ooze (D:1)
  A worm (D:2)
  4 dart slugs
  4 leopard geckos
  A giant cockroach (D:1)
  10 goblins
  5 hobgoblins
  3 ball pythons
  9 bats
  3 frilled lizards
  4 kobolds
  7 rats
55 creatures vanquished.

Notes
Turn   | Place    | Note
-------+----------+-------------------------------------------
     0 | D:1      | Krakonus1 the Hill Orc Monk began the quest for the Orb.
     0 | D:1      | Reached XP level 1. HP: 22/22 MP: 1/1
   379 | D:4      | Noticed a worker ant
   393 | D:4      | Noticed a worker ant
   396 | D:4      | Noticed an orc wizard
   632 | D:3      | Reached skill level 5 in Fighting
  1065 | D:2      | Reached XP level 2. HP: 19/29 MP: 2/2
  1314 | D:3      | Noticed Robin
  1448 | D:3      | Found a runed door.
  1788 | D:3      | Reached XP level 3. HP: 21/37 MP: 3/3
  2059 | D:1      | Reached skill level 6 in Fighting
  2435 | D:1      | Reached XP level 4. HP: 45/45 MP: 4/4
  3229 | D:2      | Reached skill level 7 in Fighting
  4099 | D:3      | Killed from afar by an orc wizard

Vault maps used:
D:1:      dpeg_arrival_rooms_b
D:2:      minmay_tetromino_i2
D:3:      first_bread, uniq_robin, uniq_crazy_yiuf_cottage
D:4:      serial_shops, shop, uniq_pikel

Skill      XL: |  1  2  3  4 |
---------------+-------------+-----
Fighting       | 5 6 7 |  7.1
Dodging        | |  3.2
Stealth        | |  3.2

Action                   |  1- 3 |  4- 6 || total
-------------------------+-------+-------++-------
Melee: Unarmed           |   223 |   261 ||   484
  Use: Scroll            |     3 |     5 ||     8
       Potion            |     7 |     1 ||     8
 Stab: Sleeping          |     5 |     3 ||     8
       Distracted        |     1 |       ||     1
  Eat: Chunk             |     5 |     5 ||    10
Armor: Robe              |    88 |    73 ||   161
       Skin              |     1 |     1 ||     2
Dodge: Dodged            |   181 |   162 ||   343
